AoeStats
← LoneStarLegion

Arena

506440368Analyzed
1v1 RM · 17d ago on Sep 13, 2026· 54m 43s· 2 players
Game mode
Random Map
Map size
Tiny (2 player)
Population
200
Speed
Normal
Resources
Standard
Victory
Conquest
Starting age
Dark Age
Ending age
Imperial Age
RankedLock teamsTeams togetherTeam positionsShared explorationLock speedFull tech treeHidden civsTurbo modeCheats
Victory
Defeat
🇺🇸 Goths · United States
730
+17
🇩🇪 Burmese · Germany
757
-17
LoneStarLegion
10:52 Feudal Age
12:40 Horse Collar
12:47 Double-Bit Axe
16:36 Wheelbarrow
19:08 Castle Age
20:58 Husbandry
20:21 Light Cavalry
21:14 Bloodlines
21:07 Heavy Plow
21:20 Bow Saw
26:48 Hand Cart
28:22 Gold Mining
28:23 Stone Mining
29:38 Squires
29:51 Forging
29:42 Scale Mail Armor
29:48 Scale Barding Armor
29:34 Fletching
29:46 Padded Archer Armor
33:25 Man-at-Arms
33:26 Pikeman
34:02 Loom
37:15 Imperial Age
34:37 Long Swordsman
36:01 Iron Casting
35:44 Chain Mail Armor
35:52 Town Watch
36:59 Chain Barding Armor
36:38 Crossbowman
36:39 Elite Skirmisher
38:01 Two-Handed Swordsman
38:05 Halberdier
39:49 Blast Furnace
38:45 Bodkin Arrow
39:06 Leather Archer Armor
39:01 Perfusion
39:23 Conscription
38:50 Champion
43:20 Ballistics
44:01 Chemistry
47:40 Bracer
48:11 Ring Archer Armor
49:53 Capped Ram
54:18 Heavy Cavalry Archer
55:12 Masonry
54:58 Murder Holes
55:14 Careening
55:16 Clinker Construction
55:26 Shipwright
55:12 Siphons
54:58 Heated Shot
55:12 Caravan
55:42 Coinage
t.
9:52 Feudal Age
8:56 Loom
11:08 Horse Collar
19:12 Castle Age
19:02 Scale Mail Armor
19:13 Forging
19:17 Gold Mining
20:30 Squires
20:16 Arson
20:38 Heavy Plow
21:30 Gold Shaft Mining
22:08 Gambesons
23:05 Wheelbarrow
24:48 Chain Mail Armor
25:06 Town Watch
26:08 Iron Casting
24:57 Man-at-Arms
26:11 Hand Cart
26:15 Pikeman
27:36 Stone Mining
31:39 Imperial Age
30:20 Long Swordsman
31:26 Town Patrol
31:45 Halberdier
31:48 Two-Handed Swordsman
33:08 Plate Mail Armor
32:43 Champion
34:26 Blast Furnace
33:50 Bloodlines
33:01 Light Cavalry
39:51 Manipur Cavalry
40:18 Hussar
40:23 Crossbowman
40:27 Elite Skirmisher
41:39 Ballistics
44:14 Padded Archer Armor
44:05 Fletching
45:41 Chemistry
48:00 Elite Arambai
49:44 Elite Arambai
52:12 Bodkin Arrow
Connection lost

Rejoining the realm…

Still unreachable

The connection could not be restored.

Session expired

The server has moved on; the page needs a fresh start.